Map: Data-C

Players

Classic

  • Race: Protoss Protoss
  • Spawn Location: 9:00

Harstem - Winner!

  • Race: Protoss Protoss
  • Spawn Location: 3:00

VOD

Have the link to the VOD?

Description

Time

  • Played on: Oct. 23, 2022, 7:39 p.m.
  • Length: 4:39
Show
View Real Time Build Order
Export as new Build Order

Classic Protoss 

Build Orders: 1 Gate Expand, Oracle Opening 

Get SALT Encoding   

  12  0:00  Probe  
  13  0:12  Probe  
  14  0:20  Pylon  
  14  0:25  Probe  
  15  0:38  Probe (Chrono Boost), Gateway  
  16  0:47  Probe (Chrono Boost)  
  16  0:48  Assimilator  
  17  0:52  Probe (Chrono Boost)  
  18  1:04  Probe  
  19  1:16  Probe  
  20  1:24  Nexus  
  20  1:35  Cybernetics Core  
  20  1:41  Probe  
  20  1:43  Assimilator  
  21  1:49  Pylon  
  21  1:53  Probe  
  22  2:05  Probe  
  23  2:10  Stalker (Chrono Boost)  
  25  2:17  Probe  
  26  2:24  Stargate  
  26  2:28  Shield Battery  
  26  2:34  Stalker  
  28  2:44  Probe  
  29  2:45  Probe  
  30  2:56  Probe  
  30  2:57  Probe  
  32  3:05  Oracle (Chrono Boost)  
  32  3:08  Probe  
  32  3:10  Probe  
  37  3:15  Pylon  
  37  3:26  Shield Battery  
  36  3:43  Shield Battery  
  36  3:54  Void Ray (Chrono Boost)  
  30  4:03  Stalker  
  30  4:06  Probe x2  
  32  4:10  Shield Battery  
Show
View Real Time Build Order
Export as new Build Order

Harstem Protoss - Winner!

Build Orders:  

Get SALT Encoding   

  12  0:00  Probe  
  13  0:12  Probe  
  14  0:17  Pylon  
  14  0:24  Probe (Chrono Boost)  
  15  0:37  Probe (Chrono Boost), Gateway  
  16  0:45  Probe (Chrono Boost)  
  16  0:47  Assimilator  
  17  0:51  Probe  
  17  0:54  Assimilator  
  18  1:03  Probe (Chrono Boost)  
  19  1:07  Gateway  
  19  1:12  Probe (Chrono Boost)  
  19  1:17  Probe (Chrono Boost)  
  20  1:25  Cybernetics Core  
  21  1:29  Probe  
  22  1:34  Pylon  
  22  1:41  Probe  
  23  2:02  Robotics Facility, Stalker  
  23  2:05  Stalker  
  23  2:07  Warp Gate (Chrono Boost)  
  27  2:14  Pylon  
  27  2:34  Adept  
  27  2:35  Adept  
  31  2:45  Warp Prism (Chrono Boost)  
  32  2:54  Gateway  
  32  3:04  Twilight Council  
  32  3:13  Pylon  
  32  3:39  Shield Battery  
  32  3:48  Stalker x2  
  32  3:49  Stalker  
  32  4:15  Stalker x3  
Tags
 
Add a new tag
Caveats
  • Supply blocks, unpowered buildings, or Contaminate may cause inaccurate times.
  • Supply counts are checked every 10 seconds.